Map: Nightscape LE

Players

Massa - Winner!

  • Race: Terran Terran
  • League: Platinum
  • Spawn Location: 7:00

qqq - Winner!

  • Race: Protoss Protoss
  • League: Platinum
  • Spawn Location: 7:00

fazzel

  • Race: Protoss Protoss
  • League: Platinum
  • Spawn Location: 1:00

Sergeevich

  • Race: Terran Terran
  • League: Platinum
  • Spawn Location: 1:00

VOD

Have the link to the VOD?

Description

Time

  • Played on: Dec. 5, 2020, 3:38 p.m.
  • Length: 15:48
Show
View Real Time Build Order
Export as new Build Order

Massa Terran - Winner!

Build Orders: Reaper Expand 

Get SALT Encoding   

  12  0:00  SCV  
  13  0:12  SCV  
  14  0:25  SCV  
  14  0:27  Supply Depot  
  15  0:41  Refinery  
  15  0:48  SCV  
  16  0:54  Barracks  
  16  1:00  SCV  
  17  1:13  SCV  
  18  1:31  SCV  
  19  1:43  Orbital Command  
  19  1:45  Command Center  
  19  1:54  Reaper  
  20  2:02  Factory  
  20  2:17  SCV  
  21  2:26  Marine  
  21  2:29  SCV  
  23  2:50  Factory Tech Lab  
  23  2:51  Command Center, Supply Depot  
  23  2:57  SCV  
  24  2:58  SCV  
  24  3:00  Barracks Reactor  
  25  3:09  SCV  
  26  3:14  Orbital Command  
  26  3:29  SCV  
  26  3:30  Engineering Bay  
  27  3:41  SCV  
  29  3:48  SCV  
  29  3:50  Marine  
  29  3:51  Marine  
  29  3:53  SCV  
  31  3:57  Missile Turret  
  31  3:58  Cyclone  
  31  4:00  SCV  
  31  4:02  Mag-Field Accelerator  
  35  4:05  SCV  
  35  4:08  Marine x2  
  35  4:09  Missile Turret  
  38  4:12  SCV  
  40  4:17  SCV  
  40  4:18  SCV  
  40  4:22  Missile Turret  
  41  4:24  SCV  
  41  4:27  Marine  
  41  4:28  Marine  
  41  4:29  SCV  
  41  4:30  Cyclone  
  48  4:37  SCV  
  49  4:39  Refinery, SCV  
  49  4:41  SCV  
  51  4:49  SCV  
  52  4:55  SCV  
  52  4:57  Refinery  
  52  4:59  Refinery  
  53  5:02  Marine x2  
  55  5:07  Barracks  
  55  5:08  Barracks  
  55  5:15  Starport  
  55  5:16  Widow Mine  
  55  5:20  Marine x2  
  59  5:25  Orbital Command  
  59  5:38  Marine x2, Missile Turret  
  59  5:42  Terran Infantry Weapons Level 1  
  61  5:43  Supply Depot x2  
  61  5:45  Supply Depot x2  
  61  5:46  Supply Depot  
  61  5:58  Barracks Tech Lab  
  61  5:59  Barracks Tech Lab  
  61  6:04  SCV x3, Marine x2, Siege Tank  
  61  6:07  Armory  
  69  6:16  SCV x3  
  69  6:18  Marauder  
  74  6:19  Stimpack  
  74  6:21  Marauder  
  74  6:22  Marine x2  
  78  6:26  Missile Turret  
  78  6:28  SCV x3  
  80  6:33  Missile Turret  
  80  6:34  Missile Turret  
  80  6:50  Combat Shield  
  80  6:53  SCV x3  
  83  6:59  Refinery  
  83  7:00  Refinery  
  83  7:01  Sensor Tower  
  83  7:04  Engineering Bay, Terran Vehicle Weapons Level 1  
  83  7:05  SCV x2  
  83  7:06  Starport Reactor  
  85  7:09  Marauder x2, Marine x2  
  85  7:12  Widow Mine  
  93  7:26  Missile Turret x2  
  93  7:27  Marine x2  
  95  7:30  Marauder, Marine  
  95  7:31  Smart Servos  
  95  7:33  Widow Mine, SCV  
  95  7:36  Terran Infantry Armor Level 1  
  101  7:54  Terran Infantry Weapons Level 2  
  101  7:58  Supply Depot  
  101  7:59  Concussive Shells, Supply Depot x3  
  101  8:01  Supply Depot  
  101  8:07  Barracks  
  101  8:08  Barracks  
  101  8:11  Command Center  
  101  8:17  Factory  
  101  8:20  SCV x3, Marauder x2, Marine, Medivac x2  
  101  8:23  Supply Depot  
  101  8:24  Supply Depot  
  113  8:32  SCV x3  
  116  8:37  Siege Tank  
  116  8:39  Marine  
  116  8:40  Marine  
  121  8:42  Marauder x2  
  125  8:49  Drilling Claws  
  125  8:50  Armory  
  125  8:54  Ghost Academy  
  125  8:57  Barracks Tech Lab x2, Marine  
  125  8:58  Terran Vehicle And Ship Armor Level 1  
  125  8:59  Marine  
  127  9:03  Marauder x2, Medivac  
  127  9:05  Medivac  
  127  9:09  Siege Tank  
  138  9:11  Factory Tech Lab  
  138  9:15  Marine  
  138  9:17  Marine  
  139  9:22  Planetary Fortress  
  140  9:24  Marauder  
  140  9:31  SCV x3  
  143  9:36  Command Center  
  145  9:41  Siege Tank  
  145  9:43  SCV x3  
  151  9:55  SCV x2  
  151  9:58  Marauder x4  
  151  9:59  Marine x2  
  162  10:01  Siege Tank  
  166  10:17  Marine x2  
  166  10:19  Marauder  
  166  10:20  Marauder  
  172  10:48  Marauder x4, Siege Tank x2  
  186  11:06  Enhanced Shockwaves, Supply Depot  
  186  11:07  Supply Depot  
  186  11:08  Terran Infantry Weapons Level 3  
  186  11:09  Supply Depot  
  186  11:10  Supply Depot  
  186  11:11  SCV, Supply Depot x2  
  187  11:15  Refinery  
  187  11:16  Refinery  
  187  11:26  Planetary Fortress  
  187  11:28  SCV x2, Marauder, Viking x2, Siege Tank  
  187  11:30  Missile Turret, Supply Depot  
  198  11:35  Supply Depot  
  198  11:44  Siege Tank  
  199  11:51  Missile Turret x2  
  199  11:54  Missile Turret x2  
  194  12:13  Missile Turret  
  178  12:25  Personal Cloaking  
  167  12:30  Marauder x4  
  167  12:31  Marine x2  
  167  12:34  Missile Turret, Siege Tank x2  
  183  12:40  Medivac x2  
  186  12:49  Marine  
  164  12:51  Marauder x3  
  164  12:52  Marauder  
  146  13:06  Siege Tank  
  151  13:13  Marauder x3  
  151  13:19  Marauder, Marine  
  156  13:20  Marine  
  156  13:22  Siege Tank  
  160  13:34  Marauder x3  
  160  13:37  Marine x2  
  160  13:38  Siege Tank  
  160  13:40  Marauder  
  169  13:54  Siege Tank  
  169  13:55  Marine x5  
  175  14:02  Marauder  
  168  14:12  Marine  
  168  14:13  Marauder x3, Marine  
  174  14:23  Marauder  
  169  14:36  Marauder x3, Marine x2  
  169  14:38  Thor x2  
  183  14:44  Marauder  
  166  14:54  Marine x2  
  166  14:57  Marauder x2  
  166  14:58  Marauder  
Show
View Real Time Build Order
Export as new Build Order

qqq Protoss - Winner!

Build Orders: 1 Gate Expand, Phoenix Opening, Carriers, Mass Phoenix 

Get SALT Encoding   

  12  0:00  Probe  
  13  0:12  Probe  
  14  0:20  Pylon  
  14  0:34  Probe  
  15  0:36  Pylon  
  15  0:47  Probe  
  16  0:56  Gateway  
  16  0:59  Probe  
  17  1:26  Nexus  
  17  1:33  Probe  
  17  1:38  Assimilator  
  18  1:42  Assimilator  
  18  1:46  Probe  
  19  1:54  Cybernetics Core  
  19  1:59  Probe  
  20  2:11  Probe  
  21  2:17  Pylon  
  21  2:26  Probe (Chrono Boost)  
  22  2:32  Stalker  
  24  2:38  Probe (Chrono Boost)  
  24  2:40  Probe (Chrono Boost)  
  26  2:48  Probe x2 (Chrono Boost)  
  28  2:52  Stargate  
  28  2:56  Probe x2  
  30  3:08  Probe  
  30  3:09  Probe  
  32  3:18  Stargate  
  32  3:21  Probe, Pylon  
  33  3:38  Probe x2  
  33  3:40  Phoenix (Chrono Boost)  
  37  3:50  Probe x2  
  39  4:03  Phoenix (Chrono Boost)  
  39  4:05  Probe  
  39  4:07  Assimilator  
  42  4:11  Assimilator  
  42  4:14  Forge  
  44  4:17  Probe  
  44  4:21  Phoenix (Chrono Boost)  
  45  4:29  Probe  
  46  4:34  Protoss Air Weapons Level 1 (Chrono Boost)  
  46  4:41  Probe  
  46  4:43  Phoenix  
  49  4:46  Pylon  
  49  4:49  Probe  
  49  4:50  Pylon  
  49  4:54  Probe, Phoenix  
  52  5:02  Probe  
  52  5:06  Probe  
  54  5:08  Phoenix (Chrono Boost)  
  54  5:14  Probe  
  57  5:16  Photon Cannon  
  57  5:18  Probe  
  60  5:26  Probe, Phoenix (Chrono Boost)  
  61  5:29  Phoenix (Chrono Boost)  
  61  5:30  Probe  
  64  5:36  Nexus  
  64  5:42  Photon Cannon  
  64  5:50  Phoenix  
  64  5:51  Robotics Facility  
  64  5:55  Phoenix  
  68  6:13  Fleet Beacon  
  68  6:15  Phoenix  
  70  6:38  Protoss Air Armor Level 1  
  69  6:51  Phoenix  
  69  6:52  Phoenix  
  73  6:55  Protoss Shields Level 1  
  73  7:01  Assimilator  
  73  7:05  Assimilator  
  73  7:08  Observer  
  74  7:15  Nexus  
  74  7:18  Pylon  
  74  7:22  Pylon  
  74  7:29  Observer  
  75  7:33  Carrier  
  75  8:04  Carrier  
  81  8:06  Probe  
  81  8:10  Photon Cannon  
  82  8:14  Photon Cannon  
  82  8:15  Shield Battery  
  82  8:18  Probe  
  83  8:20  Photon Cannon  
  81  8:30  Probe  
  82  8:37  Tempest  
  82  8:38  Gateway x2  
  87  8:43  Probe  
  87  8:44  Pylon x2  
  88  8:52  Twilight Council  
  88  8:55  Probe  
  89  9:07  Tempest  
  94  9:12  Probe x2 (Chrono Boost)  
  96  9:20  Carrier  
  96  9:22  Assimilator  
  102  9:24  Probe (Chrono Boost)  
  102  9:25  Assimilator  
  102  9:30  Probe (Chrono Boost)  
  104  9:33  Probe (Chrono Boost)  
  104  9:37  Probe (Chrono Boost)  
  106  9:38  Probe  
  106  9:40  Zealot x2  
  106  9:42  Charge  
  106  9:45  Protoss Air Weapons Level 2 (Chrono Boost)  
  111  9:48  Probe  
  111  9:51  Probe  
  113  9:54  Carrier  
  119  10:00  Observer, Probe  
  119  10:03  Probe  
  119  10:07  Zealot x2  
  124  10:12  Probe  
  127  10:15  Probe  
  127  10:18  Stargate  
  128  10:27  Probe  
  129  10:34  Zealot x2  
  133  10:42  Carrier  
  139  10:50  Pylon  
  139  10:55  Pylon  
  139  10:56  Probe  
  140  10:57  Pylon  
  140  11:02  Pylon  
  140  11:04  Pylon  
  140  11:07  Tempest  
  140  11:08  Probe, Zealot, Pylon  
  140  11:10  Protoss Ground Weapons Level 1, Pylon  
  148  11:13  Zealot  
  148  11:16  Pylon  
  150  11:20  Pylon  
  150  11:21  Probe  
  150  11:22  Pylon  
  150  11:23  Observer  
  150  11:25  Pylon  
  152  11:28  Pylon  
  152  11:32  Pylon  
  152  11:35  Pylon  
  152  11:38  Nexus  
  152  11:44  Immortal  
  156  12:01  Photon Cannon  
  156  12:07  Photon Cannon  
  156  12:10  Photon Cannon  
  156  12:12  Shield Battery  
  156  12:14  Protoss Air Armor Level 2  
  148  12:16  Photon Cannon  
  148  12:19  Photon Cannon  
  148  12:22  Photon Cannon  
  146  12:24  Observer  
  147  12:37  Shield Battery  
  147  12:38  Shield Battery  
  147  12:40  Photon Cannon  
  147  12:42  Pylon  
  147  12:46  Observer  
  147  12:47  Mothership (Chrono Boost)  
  152  12:51  Carrier x2  
  152  12:52  Tempest  
  169  13:00  Stargate  
  140  13:27  Tempest  
  133  13:46  Carrier x2  
  123  13:52  Carrier, Stargate  
  141  13:57  Zealot x3  
  141  13:59  Pylon  
  141  14:00  Pylon  
  147  14:08  Carrier  
  136  14:46  Phoenix  
  136  14:50  Tempest x2  
  148  14:54  Observer  
  148  14:56  Phoenix  
  150  15:11  Phoenix  
  157  15:21  Phoenix  
Show
View Real Time Build Order
Export as new Build Order

fazzel Protoss 

Build Orders:  

Get SALT Encoding   

  12  0:02  Probe  
  13  0:15  Probe  
  14  0:22  Pylon  
  14  0:27  Probe  
  15  0:29  Assimilator  
  15  0:40  Probe  
  16  0:46  Gateway  
  16  0:52  Probe (Chrono Boost)  
  17  1:04  Probe (Chrono Boost)  
  17  1:07  Assimilator  
  18  1:13  Probe (Chrono Boost)  
  19  1:19  Probe  
  19  1:21  Pylon  
  20  1:31  Probe  
  21  1:40  Cybernetics Core  
  21  1:43  Probe  
  22  1:55  Probe  
  23  2:07  Probe  
  24  2:19  Probe, Stargate  
  24  2:21  Stargate  
  25  2:24  Shield Battery  
  25  2:25  Stalker (Chrono Boost)  
  27  2:31  Probe  
  27  2:35  Pylon  
  28  2:43  Probe  
  29  2:55  Probe  
  30  3:05  Void Ray (Chrono Boost)  
  34  3:08  Probe  
  34  3:11  Void Ray (Chrono Boost)  
  35  3:13  Forge  
  39  4:21  Nexus  
  39  4:23  Pylon  
  39  4:26  Pylon  
  39  4:35  Void Ray x2  
  39  4:38  Assimilator  
  39  4:42  Assimilator  
  39  4:44  Probe  
  48  4:52  Photon Cannon x2  
  48  4:56  Probe  
  49  5:00  Shield Battery  
  49  5:09  Probe (Chrono Boost)  
  50  5:19  Pylon  
  50  5:20  Probe (Chrono Boost)  
  51  5:25  Probe (Chrono Boost)  
  52  5:32  Photon Cannon  
  52  5:35  Probe  
  53  5:43  Nexus  
  53  5:47  Assimilator  
  53  5:50  Assimilator  
  53  5:52  Pylon  
  53  5:54  Probe x2  
  55  6:06  Probe (Chrono Boost)  
  55  6:07  Probe (Chrono Boost)  
  57  6:16  Probe x2 (Chrono Boost)  
  57  6:18  Photon Cannon  
  59  6:20  Shield Battery  
  59  6:21  Probe x2 (Chrono Boost)  
  61  6:33  Probe, Stargate  
  61  6:35  Stargate  
  62  6:43  Stargate  
  62  6:53  Photon Cannon  
  62  6:55  Pylon  
  62  6:58  Photon Cannon  
  62  7:01  Probe x2 (Chrono Boost)  
  65  7:02  Probe (Chrono Boost)  
  65  7:12  Probe x2 (Chrono Boost)  
  65  7:13  Probe (Chrono Boost)  
  68  7:17  Probe x3 (Chrono Boost)  
  67  7:24  Void Ray x2  
  67  7:25  Void Ray  
  67  7:26  Void Ray  
  55  7:34  Void Ray  
  55  7:35  Shield Battery  
  71  7:41  Probe  
  71  7:43  Probe  
  71  7:44  Probe  
  78  7:53  Probe  
  78  7:55  Probe  
  78  7:56  Probe  
  82  8:05  Probe  
  82  8:09  Fleet Beacon  
  82  8:11  Stargate  
  82  8:16  Stargate, Void Ray x2  
  88  8:41  Photon Cannon, Void Ray x2  
  88  8:42  Void Ray  
  88  8:45  Photon Cannon, Flux Vanes  
  100  8:48  Pylon  
  100  8:53  Pylon  
  100  9:12  Robotics Facility  
  100  9:18  Void Ray x2  
  108  9:31  Protoss Shields Level 1 (Chrono Boost)  
  108  9:37  Nexus  
  108  9:40  Pylon x2  
  108  9:41  Twilight Council, Protoss Air Weapons Level 1 (Chrono Boost)  
  108  9:42  Assimilator  
  108  9:46  Assimilator  
  108  9:49  Pylon  
  108  9:55  Void Ray x2  
  116  10:11  Photon Cannon  
  116  10:16  Photon Cannon  
  116  10:17  Photon Cannon  
  87  10:37  Tempest  
  87  10:38  Tempest x2  
  88  10:51  Pylon  
  88  10:52  Pylon  
  88  10:58  Observer  
  88  11:00  Tempest  
  94  11:16  Tempest  
  94  11:17  Tempest  
  104  11:20  Observer  
  104  11:21  Assimilator  
  104  11:23  Tempest  
  108  11:26  Assimilator  
  108  11:35  Tempest, Pylon  
  113  11:45  Observer  
  112  11:49  Tempest  
  104  12:27  Tempest x2  
  104  12:28  Tempest  
  119  12:53  Tempest  
  124  13:03  Tempest  
  124  13:09  Tempest  
  118  13:24  Tempest  
  118  13:25  Tempest  
  93  13:47  Tempest x2  
  83  14:22  Tempest (Chrono Boost)  
  83  14:23  Tempest (Chrono Boost)  
  73  15:00  Probe  
Show
View Real Time Build Order
Export as new Build Order

Sergeevich Terran 

Build Orders: Mech 

Get SALT Encoding   

  12  0:00  SCV  
  13  0:13  SCV  
  14  0:17  Supply Depot  
  14  0:26  SCV  
  15  0:39  SCV  
  15  0:42  Barracks  
  16  0:51  SCV  
  17  1:03  SCV  
  18  1:15  SCV  
  18  1:16  Refinery  
  19  1:27  SCV  
  19  1:28  Refinery  
  20  1:41  Orbital Command  
  20  1:47  Marine  
  20  1:51  Command Center  
  21  2:09  SCV  
  22  2:15  Marine  
  23  2:23  Supply Depot  
  23  2:27  Factory  
  22  2:31  SCV  
  23  2:37  Barracks Tech Lab  
  23  2:45  Supply Depot  
  23  2:47  Engineering Bay  
  23  2:50  SCV  
  24  3:04  Orbital Command  
  24  3:17  Bunker  
  24  3:25  SCV  
  24  3:26  Cyclone, Missile Turret  
  28  3:28  Marine  
  28  3:43  SCV  
  28  3:44  SCV  
  30  3:48  Barracks Reactor  
  30  3:51  Factory  
  30  3:55  SCV  
  31  4:05  Orbital Command  
  31  4:09  Cyclone  
  34  4:17  Bunker  
  34  4:25  Starport  
  34  4:26  Refinery  
  34  4:28  SCV  
  36  4:31  SCV  
  36  4:40  SCV  
  36  4:43  SCV  
  36  4:44  Siege Tank  
  41  4:50  Missile Turret, Supply Depot  
  41  4:53  SCV  
  41  4:57  SCV  
  43  5:04  Armory  
  43  5:08  Widow Mine  
  43  5:09  Widow Mine  
  43  5:12  SCV x2  
  49  5:15  Supply Depot  
  49  5:18  Siege Tank  
  52  5:25  SCV  
  52  5:26  SCV  
  54  5:30  Widow Mine x2  
  58  5:36  Refinery  
  58  5:37  SCV  
  58  5:38  SCV  
  60  5:43  Command Center  
  60  5:45  Missile Turret  
  61  5:50  SCV x2  
  61  5:53  Widow Mine x2  
  66  5:58  Drilling Claws  
  66  6:00  Terran Vehicle Weapons Level 1  
  66  6:02  SCV  
  67  6:10  SCV  
  68  6:14  SCV  
  69  6:22  SCV  
  70  6:34  Supply Depot x2  
  70  6:37  Supply Depot  
  70  6:48  Widow Mine  
  70  6:49  Siege Tank  
  69  6:55  Widow Mine  
  71  7:05  Barracks Reactor  
  71  7:09  Widow Mine  
  71  7:10  Factory  
  71  7:13  Starport Tech Lab  
  71  7:14  SCV x2, Factory  
  75  7:17  Widow Mine, Refinery x2  
  75  7:21  Thor  
  84  7:26  SCV  
  84  7:29  Orbital Command  
  83  7:47  Armory  
  80  7:55  Terran Vehicle And Ship Armor Level 1  
  80  7:58  Widow Mine x2  
  78  8:15  SCV x3  
  81  8:29  SCV x2  
  83  8:34  SCV  
  83  8:41  SCV x2  
  86  8:46  SCV  
  87  8:49  Missile Turret  
  87  8:53  SCV x2  
  89  8:58  SCV  
  90  9:06  Command Center  
  90  9:08  Command Center  
  90  9:14  Widow Mine  
  90  9:15  Widow Mine  
  90  9:16  Widow Mine, Siege Tank x2  
  102  9:19  Widow Mine  
  104  9:25  SCV  
  104  9:26  SCV x2, Factory  
  104  9:27  Factory  
  107  9:39  Supply Depot  
  107  9:40  Supply Depot  
  107  9:52  Terran Vehicle And Ship Armor Level 2  
  107  9:53  Terran Vehicle Weapons Level 2  
  107  10:01  SCV x2, Siege Tank  
  107  10:02  SCV  
  107  10:06  Missile Turret  
  113  10:12  Missile Turret  
  113  10:13  SCV  
  114  10:29  Factory Tech Lab  
  114  10:30  Factory Tech Lab  
  114  10:32  Siege Tank  
  114  10:33  Widow Mine x2  
  114  10:34  Widow Mine  
  119  10:55  SCV x3  
  122  11:07  SCV  
  122  11:08  SCV x2  
  125  11:23  Refinery x2  
  125  11:29  Thor x4  
  125  11:30  Widow Mine  
  125  11:31  Widow Mine x2  
  155  11:39  Planetary Fortress  
  155  11:50  SCV x2  
  155  11:53  Widow Mine  
  155  11:58  Supply Depot  
  155  12:00  Supply Depot  
  155  12:01  Supply Depot  
  155  12:03  Supply Depot  
  140  12:11  Widow Mine  
  124  12:17  Widow Mine  
  124  12:22  Siege Tank x4  
  109  12:23  Widow Mine x2  
  109  12:24  Supply Depot  
  102  12:32  Widow Mine  
  104  12:38  Widow Mine  
  106  12:44  Widow Mine  
  86  12:54  Siege Tank x3  
Tags
 
Add a new tag
Caveats
  • Supply blocks, unpowered buildings, or Contaminate may cause inaccurate times.
  • Supply counts are checked every 10 seconds.